 Dungeon Crawl Stone Soup version 0.27.0-1-g7a089689b8 (webtiles) character file.

Game seed: 3655397395663715949

70 snetch the Chopper (level 4, -2/61 HPs)
             Began as a Minotaur Berserker on Aug 6, 2021.
             Was a Believer of Trog.
             Slain by a black bear (4 damage)
             ... on level 2 of the Dungeon on Aug 7, 2021.
             The game lasted 00:03:44 (968 turns).

snetch the Chopper (Minotaur Berserker)              Turns: 968, Time: 00:03:44

Health: -2/61      AC:  9    Str: 22    XL:     4   Next: 3%
Magic:  3/3        EV:  8    Int:  4    God:    Trog [**....]
Gold:   20         SH:  0    Dex: 10    Spells: 3/3 levels left

rFire    . . .     SeeInvis .   a - +0 hand axe
rCold    . . .     Faith    .   (no shield)
rNeg     . . .     Spirit   .   f - +0 chain mail
rPois    .         Reflect  .   (helmet restricted)
rElec    .         Harm     .   (no cloak)
rCorr    .         Rampage  .   (no gloves)
Will     .....                  (no boots)
Stlth    ..........             (no amulet)
HPRegen  0.20/turn              (no ring)
MPRegen  0.08/turn              (no ring)

@: berserking, very quick
A: horns 2, retaliatory headbutt
a: Renounce Religion, Berserk, Trog's Hand


You were on level 2 of the Dungeon.
You worshipped Trog.
Trog was pleased with you.
You visited 1 branch of the dungeon, and saw 3 of its levels.

You collected 20 gold pieces.

Inventory:

Hand Weapons
 a - a +0 hand axe (weapon)
Missiles
 d - 70 stones (quivered)
 e - 21 sling bullets
Armour
 f - a +0 chain mail (worn)
Wands
 i - a wand of mindburst (9)
Scrolls
 b - a scroll of amnesia {unknown}
 c - a scroll of magic mapping {unknown}
Potions
 g - 2 potions of curing {unknown}
 h - 2 potions of brilliance {unknown}


   Skills:
 + Level 4.4 Fighting
 + Level 5.0 Axes
 + Level 3.0 Armour
 + Level 2.2 Dodging
 + Level 0.1 Stealth


You had 3 spell levels left.
You didn't know any spells.
Your spell library was empty.

Dungeon Overview and Level Annotations

Branches:
Dungeon (3/15)

Altars:


Innate Abilities, Weirdness & Mutations

You have a pair of horns on your head.
You reflexively headbutt those who attack you in melee.


Message History

The black bear bites you but does no damage.
The black bear claws you but does no damage.
The black bear closely misses you. The black bear barely misses you.
The black bear claws you but does no damage.
The black bear closely misses you.
You barely miss the black bear. The black bear bites you.
The black bear claws you but does no damage.
The black bear barely misses you.
You closely miss the black bear.
You headbutt the black bear, but do no damage.
The black bear closely misses you.
The black bear claws you but does no damage.
The black bear barely misses you. The black bear bites you.
The black bear claws you but does no damage.
The black bear misses you.
You closely miss the black bear. The black bear bites you!
* * * LOW HITPOINT WARNING * * *
The black bear barely misses you. The black bear completely misses you.
You're still recovering from your berserk rage.
You feel yourself speed up.
The black bear bites you but does no damage.
The black bear closely misses you.
The black bear claws you but does no damage.
There is a stone staircase leading up here.
You hear the slow rusting of a drain nearby.
The black bear bites you but does no damage.
The black bear claws you.
* * * LOW HITPOINT WARNING * * *
The black bear claws you.
* * * LOW HITPOINT WARNING * * *
You climb upwards.
You recover from your berserk rage.
There is a stone staircase leading down here.
The black bear barely misses you. x2; The black bear claws you.
* * * LOW HITPOINT WARNING * * *
A red film seems to cover your vision as you go berserk!
You feel yourself moving faster!
You feel mighty! The black bear bites you.
* * * LOW HITPOINT WARNING * * *
The black bear claws you.
You die...

#.#...####
.#####
#.#####...
.....
..........
....# .......#
.^.# ###....#
#..# #....#
..# #....# #.#
#.h#.# ### #<#
#@##.###.$..
#.# ##
#.##>#...# #..
#..###....#
#..#
.!...#..######
....
........##...#
....#
#..........<.#
.....
#.#.#.#.#...##
....#.#
#.........###
..#.#.#.#.#


You could see a black bear.

Vanquished Creatures
  Ijyb (D:3)
  A gnoll (D:1)
  2 dart slugs (D:1)
  2 ball pythons (D:1)
  2 endoplasms (D:1)
  A giant cockroach (D:1)
  3 goblins (D:1)
  4 jackals (D:1)
  4 kobolds (D:1)
  A bat (D:1)
  11 frilled lizards (D:1)
  A rat (D:1)
33 creatures vanquished.

Vanquished Creatures (others)
  10 plants (D:1)
  14 withered plants (D:1)
24 creatures vanquished.

Grand Total: 57 creatures vanquished

Notes
Turn   | Place    | Note
-------+----------+-------------------------------------------
     0 | D:1      | snetch the Minotaur Berserker began the quest for the Orb.
     0 | D:1      | Reached XP level 1. HP: 19/19 MP: 0/0
    71 | D:1      | Reached skill level 4 in Axes
   257 | D:1      | Reached XP level 2. HP: 27/27 MP: 1/1
   447 | D:1      | Found a faded altar of an unknown god.
   539 | D:1      | Reached XP level 3. HP: 33/33 MP: 2/2
   851 | D:1      | Reached ** piety under Trog
   917 | D:3      | Noticed Ijyb
   930 | D:3      | Killed Ijyb
   931 | D:3      | Reached skill level 5 in Axes
   931 | D:3      | Reached XP level 4. HP: 20/41 MP: 3/3
   946 | D:3      | Noticed a black bear
   968 | D:2      | HP: 2/61 [black bear (6)]
   968 | D:2      | Slain by a black bear

Illustrated notes

Levels and vault maps discovered:
D:1:      matt_arrival_grand_opening, layout_basic,
          shapermc_ecumenical_altar_flowoftime, minmay_lizard_pond
D:2:      layout_rooms, serial_co_window_serial, co_window_of_opportunity_a,
          co_window_corner_a, co_window_of_opportunity_a,
          co_window_of_opportunity_a, co_window_corner_a,
          co_window_unsneaky_path_d, co_window_unsneaky_path_b,
          co_window_broadway_c, co_window_paths_c, co_window_2corner,
          co_window_paths_c, co_window_4corner_b, glass_columns_c,
          glass_columns_a
D:3:      layout_basic, cheibrodos_sewer_entry_drain, uniq_terence, uniq_ijyb

Skill      XL: |  1  2  3 |
---------------+----------+-----
Axes           | 4 5 |  5.0
Fighting       | 4 |  4.4
Armour         | 3 |  3.0
Dodging        | |  2.2
Stealth        | |  0.1

Action                   |  1- 3 |  4- 6 || total
-------------------------+-------+-------++-------
Melee: Hand axe          |   104 |     4 ||   108
       Headbutt          |    14 |     1 ||    15
Invok: Berserk           |     1 |     1 ||     2
       Trog's Hand       |       |     1 ||     1
 Stab: Sleeping          |     1 |       ||     1
Armor: Animal skin       |     2 |       ||     2
       Chain mail        |    47 |     9 ||    56
Dodge: Dodged            |    34 |    12 ||    46
